cohdb
Replays
Latest Replays
All Replays
Popular Replays
Top Player Replays
Match Explorer
How It Works
Community
CoH3 Stats
Reddit
Sign in to upload your games and track your stats! →
Sign in with Steam
Match 45715003
Unlisted
Match 45715003
Overview
Messages
Build Orders
End
Kradschützen Motorcycle Team
Panzergrenadier Squad
Selects Panzerjäger Kommand Battlegroup
Selects Mine Fields
Panzergrenadier Squad
Construct Light Support Kompanie
Selects Tank Busters
MG34 Team
Panzerjäger Squad
Construct Mechanized Kompanie
Assault Mechanized Group
Support Armor Elements
Selects Defensive Positions
StuG III D Assault Gun
2.5-tonne Medical Truck
Panzerjäger Squad
Selects Crew Shock Tactics
Veteran Squad Leaders
Construct Panzerarmee Kommand
Selects Butterfly Bomb Drop
Walking Stuka Rocket Launcher
Panzer III L Medium Tank
Flak 36 Anti-tank Gun Team
typical_P47_enjoyer
average sector assault "fan"
Esxile
Basecoh3 @ Youtube
0
0
Comments
sign in to comment!
No comments posted yet!